 Dungeon Crawl Stone Soup version 0.18-a0-1666-g3ea6f2b (webtiles) character file.

360098 4thArraOfDagon the Vine Blade (level 22, -38/104 HPs)
             Began as a Vine Stalker Air Elementalist on Mar 31, 2016.
             Was a High Priest of Ru.
             Killed by mirror damage (66 damage)
             ... on level 8 of a ziggurat.
             The game lasted 03:01:52 (23998 turns).

4thArraOfDagon the Vine Blade (VSAE)               Turns: 23998, Time: 03:01:52

Health: -38/104    AC: 46    Str: 19    XL:     22   Next: 4%
Magic:  0/15       EV: 18    Int: 25    God:    Ru [*****.]
Gold:   1426       SH:  0    Dex: 27    Spells: 5 memorised, 20 levels left

rFire  + + +     SeeInvis +     m - +6 triple sword of Disembowelment {antimagic, +Rage rPois rF+++ Dex+4}
rCold  + . .     Gourm    .     C - +15 shadow dragon armour of Uhugeq {+Blink rN+ MP+9 Dex+4 Stlth++++}
rNeg   + . .     Faith    .     (shield currently unavailable)
rPois  +         Spirit   +     Z - +0 hat "Bedefot" {Regen+ Int+4}
rElec  +         Dismiss  .     H - +2 cloak of the Manifold Tales {rC+ rCorr}
rCorr  +         Reflect  .     u - +2 pair of gloves
SustAt .         Harm     +     P - +2 pair of boots {run}
MR     ++...                    K - amulet "Goblualax" {Harm *Drain Dex+6}
Stlth  +++++++...               E - ring of Weirinn {Fragile rF+ MR+ Int+7}
                                G - ring "Lenn" {+Fly rElec Dex-2 SInv}

@: mighty, exhausted, no scrolls, drained, quick, very resistant to hostile
enchantments, extremely stealthy
A: fangs 3, horns 1, iridescent scales 1, rugged brown scales 1, thin metallic
scales 1, blurry vision 3, clumsy 1, dopey 2, frail 1, regeneration 3, weak 1,
wild magic 1, evolution 1, magic shield, antimagic bite, no device heal 3, rot
immunity, inability to read while threatened, no hexes magic, no poison magic,
no summoning magic, reduced AC 1, magic vulnerability 1
a: Draw Out Power, Power Leap, Apocalypse, Renounce Religion, Evoke Blink, Evoke
Berserk Rage, Evoke Flight
}: 3/15 runes: barnacled, slimy, gossamer


You were on level 8 of a ziggurat.
You worshipped Ru.
Ru was extremely pleased with you.
You were not hungry.

You visited 8 branches of the dungeon, and saw 46 of its levels.
You visited 1 ziggurat, and saw 8 of its levels.
You also visited: Labyrinth, Ice Cave and Volcano.

You collected 4315 gold pieces.
You spent 2889 gold pieces at shops.

Inventory:

Hand Weapons
 m - the +6 triple sword of Disembowelment (weapon) {antimagic, +Rage rPois rF+++ Dex+4}
   (You acquired it on level 1 of the Elven Halls)

   It disrupts the flow of magical energy around spellcasters and certain
   magical creatures (including the wielder).
   It affects your dexterity (+4).
   It renders you almost immune to fire.
   It protects you from poison.
   It lets you go berserk.
 r - the +5 rapier of the Median {pierce, rC++}
   (You found it on level 2 of the Elven Halls)

   It inflicts extra damage upon your enemies.
   It greatly protects you from cold.
Missiles
 L - 2 throwing nets (quivered)
Armour
 u - a +2 pair of gloves (worn)
 C - the +15 shadow dragon armour of Uhugeq (worn) {+Blink rN+ MP+9 Dex+4 Stlth++++}
   (You bought it in a shop on level 5 of the Dungeon)

   It affects your dexterity (+4).
   It protects you from negative energy.
   It affects your magic capacity (+9).
   It lets you blink.
   It makes you much more stealthy.
 H - the +2 cloak of the Manifold Tales (worn) {rC+ rCorr}
   (You found it on level 1 of the Lair of Beasts)

   It protects you from cold.
   It protects you from acid and corrosion.
 P - a +2 pair of boots of running (worn)
 R - the +0 pair of gloves "Seips" {*Confuse Dex+6 SInv}
   (You found it on level 4 of the Depths)

   It affects your dexterity (+6).
   It lets you see invisible.
   It may confuse you when you take damage.
 Z - the +0 hat "Bedefot" (worn) {Regen+ Int+4}
   (You acquired it on level 2 of the Lair of Beasts)

   It affects your intelligence (+4).
   It increases your rate of regeneration.
Magical Staves
 b - an uncursed staff of wizardry {!a}
Rods
 N - a +4 rod of shadows (9/9)
   (You took it off a deep elf mage on level 3 of the Elven Halls)
 T - a +2 rod of inaccuracy (9/9)
   (You found it on level 6 of the Pits of Slime)
Jewellery
 f - the ring "Soecaewn" {rF+ rN+ Dex+4 Stlth+}
   (You found it on level 6 of a ziggurat)

   [ring of protection from fire]

   It affects your dexterity (+4).
   It protects you from fire.
   It protects you from negative energy.
   It makes you more stealthy.
 q - the ring of Veus {Fire *Corrode rPois MR+++ Str-4}
   (You found it on level 14 of the Dungeon)

   [ring of fire]

   It enhances your fire magic, and weakens your ice magic.
   It affects your strength (-4).
   It protects you from fire.
   It makes you vulnerable to cold.
   It protects you from poison.
   It affects your resistance to hostile enchantments.
   It may corrode you when you take damage.
 x - an uncursed ring of positive energy
 E - the ring of Weirinn (right hand) {Fragile rF+ MR+ Int+7}
   (You found it in a labyrinth)

   [ring of protection from fire]

   It affects your intelligence (+7).
   It protects you from fire.
   It affects your resistance to hostile enchantments.
   It will be destroyed if unequipped.
 G - the ring "Lenn" (left hand) {+Fly rElec Dex-2 SInv}
   (You found it on level 6 of the Pits of Slime)

   [ring of see invisible]

   It affects your dexterity (-2).
   It insulates you from electricity.
   It lets you see invisible.
   It lets you fly.
 J - an uncursed ring of protection from cold
 K - the amulet "Goblualax" (around neck) {Harm *Drain Dex+6}
   (You took it off a deep elf annihilator on level 3 of the Elven Halls)

   [amulet of harm]

   It increases damage dealt and taken.
   It affects your dexterity (+6).
Wands
 y - a wand of teleportation (3/9)
 F - a wand of digging (3/24)
 V - a wand of disintegration (0/24)
Scrolls
 h - a scroll of fog
 i - 13 scrolls of teleportation
 j - 12 scrolls of remove curse
 t - 5 scrolls of recharging
 A - 2 scrolls of enchant armour
 I - 2 scrolls of silence
 M - 2 scrolls of identify
 O - 4 scrolls of enchant weapon
 X - 2 scrolls of summoning
 Y - 4 scrolls of blinking
Potions
 d - a potion of magic
 k - 12 potions of brilliance
 n - 6 potions of might
 o - 5 potions of berserk rage
 p - 6 potions of cancellation
 v - a potion of resistance
 w - 15 potions of curing
 z - a potion of cure mutation
 B - 2 potions of agility
 Q - 3 potions of flight
 U - 3 potions of ambrosia
Miscellaneous
 a - a phantom mirror
 g - a fan of gales
 l - a sack of spiders
 s - an ornate deck of wonders
 S - a box of beasts {used: 1}
 W - a box of beasts
Comestibles
 c - 21 bread rations
 D - 13 meat rations


   Skills:
 + Level 10.2(8.8) Fighting
 * Level 21.0(19.3) Long Blades
 * Level 16.4(14.9) Armour
 - Level 12.2(10.8) Dodging
 - Level 13.2(11.7) Stealth
 - Level 10.1(8.7) Spellcasting
   Level 2.1(1.0) Conjurations
 * Level 3.2(2.0) Charms
 * Level 3.0(1.9) Translocations
 - Level 3.5(2.4) Air Magic
 - Level 3.1(2.0) Evocations


You had 20 spell levels left.
You knew the following spells:

 Your Spells              Type           Power        Failure   Level  Hunger
a - Apportation           Tloc           ####......   30%         1    None
b - Repel Missiles        Chrm/Air       ####..       38%         2    None
c - Swiftness             Chrm/Air       ####....     38%         2    None
d - Controlled Blink      Tloc           N/A          100%        8    #######
e - Death's Door          Chrm/Necr      ###.......   100%        8    #######


Dungeon Overview and Level Annotations

Branches:
Dungeon (15/15)            Temple (0/1) D:4            Lair (8/8) D:8
 Shoals (4/4) Lair:6       Spider (4/4) Lair:5        Slime (6/6) Lair:8
    Orc (2/2) D:9             Elf (3/3) Orc:2        Vaults (0/5) D:14
 Depths (4/5) D:15

Altars:
Cheibriados
Fedhas
Kikubaaqudgha
Makhleb
Nemelex Xobeh
Ru
Trog
Vehumet
Jiyva
Lugonu

Shops:
D:5 [   D:10 (   Orc:2 %?}(   Elf:1 ?   Elf:2 [:*[!   Elf:3 ?   Shoals:1 %
Depths:1 (

Portals:
Pandemonium: Orc:2
Trove: Elf:3 (lose all piety)

Annotations:
D:8 exclusion: downstairs
D:14 exclusion: downstairs
Lair:5 exclusion: hydra
Lair:8 exclusion: oklob plant
Shoals:3 Nikola
Shoals:4 Ilsuiw
Elf:2 5 runed doors
Depths:4 exclusion: ice statue


Innate Abilities, Weirdness & Mutations

You have razor-sharp teeth.
You are clumsy. (Dex -2)
You are very dopey. (Int -4)
You regenerate.
When hurt, damage is shared between your health and your magic reserves.
Your bite disrupts and absorbs the magic of your enemies.
Potions and wands cannot restore your health.
You are immune to rotting.
You cannot read scrolls while threatened.
You cannot study or cast Hexes magic.
You cannot study or cast Poison magic.
You cannot study or cast Summoning magic.
You take slightly more damage. (AC -3)
You are slightly vulnerable to magic.
You have a pair of small horns on your head.
You are partially covered in iridescent scales (AC +4).
You are partially covered in rugged brown scales (AC +1, +3% HP).
You are partially covered in thin metallic scales (AC +2).
Scrolls take you much longer to read.
You are frail (-10% HP).
You are weak. (Str -2)
Your spells are a little harder to cast, but a little more powerful.
You evolve.


Message History

You focus your will and illuminate the stone giant in retribution!
The death knight offers itself to Yredelemnul, and fills with unholy energy.
The storm dragon completely misses you.
The storm dragon claws you but does no damage.
The storm dragon tramples you but does no damage.
Unknown command.
Unknown command.
Unknown command.
You reveal the great annihilating truth to your foes!
You kill the storm dragon!
Your Charms skill increases to level 3!
You kill the yaktaur!
You kill the swamp worm!
The swamp worm's shape twists and changes as it dies.
The stone giant is paralysed by terrible understanding!
You kill the ironbrand convoker!
You kill the stone giant!
Your Translocations skill increases to level 3!
The death knight is paralysed by terrible understanding!
You feel drained.
Your damage is reflected back at you!
Ouch! That really hurt!
You die...

▓▓▓▓▓▓▓▓▓▓▓
▓.........▓
▓▓.........▓▓▓▓▓
..............@▓
.........†...).▓
....#...#...C..▓
p......p...()..▓
C.............∩▓
H.....y........▓
....#...#......▓
......y........▓
...............▓


You could see a stone giant (paralysed) and a death knight (paralysed).

Vanquished Creatures
  the Royal Jelly (Slime:6)
  Mara (Spider:4)
  Saint Roka (Orc:2)
  Norris (Depths:1)
  A shard shrike (Zig:7)
  the Enchantress (Depths:4)
  Xtahua (Depths:4)
  A hellephant (Zig:3)
  An Ice Fiend (IceCv)
  Jorgrun (D:15)
  2 deep elf blademasters (Elf:3)
  4 deep elf master archers (Elf:3)
  19 acid blobs
  Polyphemus (Shoals:3)
  A sphinx (Zig:8)
  Kirke (Lair:5)
  A storm dragon (Zig:8)
  11 azure jellies
  5 deep elf sorcerers (Elf:3)
  7 emperor scorpions (Spider:4)
  Wiglaf (Spider:4)
  A large abomination (Elf:2)
  Aizul (Elf:2)
  A draconian zealot (Zig:6)
  A fire giant (Depths:2)
  An orc warlord (Zig:2)
  A balrug (Depths:4)
  A frost giant (Depths:3)
  Louise (Shoals:3)
  3 ghost moths
  Maud (Lair:4)
  5 deep elf elementalists
  2 spriggan defenders (Depths:4)
  A juggernaut skeleton (Zig:7)
  2 deep elf demonologists (Elf:3)
  A war gargoyle (Depths:4)
  A salamander stormcaller (Depths:4)
  6 deep elf annihilators (Elf:3)
  4 stone giants
  A purple draconian (Zig:6)
  A white draconian (Zig:6)
  2 red draconians (Zig:6)
  7 spark wasps
  A green draconian (Zig:6)
  The ghost of George the Carver, a journeyman MiFi of the Shining One (D:12)
  6 deep elf death magi
  3 ettins
  6 merfolk impalers
  The ghost of Ijustatesigmund the Covert, a journeyman KoAs of Cheibriados (IceCv)
  6 death oozes
  4 merfolk javelineers
  8 vault guards (D:14)
  2 fire dragons
  2 deep elf high priests (Elf:3)
  3 entropy weavers
  5 great orbs of eyes
  A hell beast (Depths:1)
  4 centaur warriors
  7 hydras
  2 spriggan air magi (Depths:2)
  5 merfolk avatars
  An anaconda (Lair:5)
  2 catoblepae
  A queen ant (Spider:3)
  5 ogre magi
  6 dancing weapons
  A vampire mage (D:15)
  9 death yaks
  4 spriggan berserkers (Depths:4)
  8 tengu warriors
  4 orc high priests (Orc:2)
  A deep troll earth mage (Depths:1)
  7 deep elf knights
  A small abomination (Elf:2)
  2 skeletal warriors
  3 sun demons (Depths:4)
  10 sea snakes
  A spriggan druid (Zig:4)
  A gelid demonspawn (Orc:2)
  4 giant orange brains
  10 deep elf archers
  An infernal demonspawn (Orc:2)
  4 deep trolls
  An orange crystal statue (Zig:3)
  3 wizards
  2 putrid demonspawn (Orc:2)
  An ironbrand convoker (Zig:8)
  A shambling mangrove (Zig:4)
  10 orb spiders
  26 harpies
  2 necromancers
  6 orc knights
  13 ugly things
  25 wolf spiders
  A frost giant zombie (Depths:1)
  7 hill giants
  10 orc sorcerers
  3 shining eyes
  An iron dragon zombie (Zig:7)
  An oklob plant (Shoals:1)
  5 cyclopes
  A faun (shapeshifter) (Elf:3)
  8 fauns
  36 deep elf magi
  7 manticores
  12 hornets
  10 elephants
  2 moths of wrath (Spider:4)
  12 griffons
  A toenail golem (Volcano)
  A centaur zombie (D:14)
  A water nymph (Shoals:4)
  4 black mambas
  A fire giant skeleton (Zig:7)
  6 sirens
  An elf zombie (Depths:1)
  A molten gargoyle (Depths:1)
  2 torpor snails
  An eye of devastation (Slime:6)
  A rust devil (Depths:4)
  A smoke demon (Orc:2)
  2 ice statues (IceCv)
  24 spiny frogs
  5 gargoyles
  A centaur skeleton (D:15)
  6 yaktaurs
  A rime drake (Lair:1)
  6 demonic crawlers
  17 ice devils
  5 komodo dragons
  5 efreet
  A freezing wraith (Depths:1)
  A hellwing (Orc:2)
  A red devil (Orc:2)
  An entropy weaver zombie (D:15)
  A yaktaur skeleton (D:15)
  A polar bear (Lair:6)
  A guardian mummy (D:15)
  5 trolls
  3 tengu conjurers
  8 merfolk
  A giant leech (Lair:8)
  22 jumping spiders
  4 wind drakes
  9 two-headed ogres
  27 blink frogs
  A slime creature (shapeshifter) (Elf:2)
  59 slime creatures
  9 snapping turtles
  A spriggan zombie (D:15)
  2 boulder beetles
  An ice dragon zombie (Depths:1)
  49 redbacks
  8 air elementals
  2 spriggan skeletons
  8 tarantellas
  A centaur simulacrum (D:14)
  2 ynoxinuls (Orc:2)
  A spriggan (D:10)
  9 water elementals
  Sigmund (D:2)
  5 humans
  2 wraiths
  3 wyverns
  A steam dragon (D:11)
  A fire bat (shapeshifter) (D:14)
  4 golden eyes (Slime:3)
  32 yaks
  2 basilisks (Lair:7)
  A hog (Lair:5)
  Eustachio (D:5)
  3 fire elementals
  5 vampire mosquitoes
  9 hippogriffs
  A hungry ghost (D:14)
  A human zombie (Depths:1)
  A mottled dragon (D:14)
  Edmund (D:5)
  3 wargs
  A swamp worm (shapeshifter) (Zig:8)
  9 soldier ants
  21 water moccasins
  6 hell hounds
  6 porcupines
  A fire dragon simulacrum (Depths:1)
  3 black bears
  39 orc warriors
  A swamp drake (Zig:4)
  3 sky beasts
  4 wasps
  7 eyes of draining
  A phantom (D:5)
  4 ice beasts
  30 ogres
  8 wolves
  12 centaurs
  18 crocodiles
  Blork the orc (D:6)
  3 big kobolds
  26 giant frogs
  A wyvern zombie (D:10)
  7 earth elementals
  6 scorpions
  9 wights
  2 electric eels
  2 crimson imps
  18 jellies
  8 hounds
  2 quasits
  27 orc priests
  25 orc wizards
  A giant frog skeleton (D:10)
  10 iguanas
  27 worker ants
  A lightning spire (Zig:8)
  29 sheep
  A hound zombie (D:11)
  2 ogre skeletons (Lab)
  Robin (D:2)
  A gnoll (shapeshifter) (Elf:3)
  A howler monkey skeleton (D:10)
  36 river rats
  4 adders
  6 shadow imps
  4 white imps (IceCv)
  4 ufetubi (IceCv)
  An ooze (D:1)
  An adder skeleton (D:6)
  5 worms
  4 giant geckos
  86 orcs
  3 bats
  3 giant cockroaches
  5 goblins (D:2)
  5 hobgoblins
  11 jackals
  18 kobolds
  3 quokkas
  2 ball pythons
  A giant cockroach zombie (D:6)
  3 giant newts
  9 rats
  5 fungi
  5 plants
1485 creatures vanquished.

Vanquished Creatures (collateral kills)
  4 fauns (Shoals:1)
4 creatures vanquished.

Vanquished Creatures (others)
  A deep elf sorcerer (Elf:3)
  A deep elf elementalist (Elf:2)
  A deep elf demonologist (Elf:3)
  A minotaur (Lab)
  A griffon (D:13)
  A wolf spider (Spider:4)
  A deep elf mage (Elf:2)
  2 manticores (Shoals:3)
  A black mamba (Lair:5)
  A komodo dragon (Lair:6)
  A slime creature (Slime:1)
  An air elemental (Orc:2)
  A water elemental (Shoals:4)
  A spriggan simulacrum (Depths:4)
  4 yaks
  2 humans (Lair:5)
  A hungry ghost (D:7)
  A soldier ant (Spider:3)
  An orc warrior (Orc:2)
  3 ogres
  A wolf (Zig:3)
  A crocodile (Lair:8)
  A giant frog (Lair:6)
  An orc wizard (D:9)
  A river rat (Lair:8)
  A shadow imp (D:14)
  2 white imps (IceCv)
  7 ufetubi (IceCv)
  A worm (Lair:5)
  3 orcs
  8 fungi
  8 plants
  4 toadstools (D:1)
  4 withered plants (D:15)
70 creatures vanquished.

Grand Total: 1559 creatures vanquished

Notes
Turn   | Place    | Note
--------------------------------------------------------------
     0 | D:1      | 4thArraOfDagon the Vine Stalker Air Elementalist began the quest for the Orb.
     0 | D:1      | Reached XP level 1. HP: 9/9 MP: 4/4
    34 | D:2      | Noticed Sigmund
    71 | D:2      | Found a faded altar to an unknown god.
    85 | D:2      | Became a worshipper of Ru the Awakened
    85 | D:2      | MEH
    94 | D:2      | Gained mutation: You are slightly vulnerable to magic. [Ru sacrifice]
    94 | D:2      | Reached * piety under Ru
   158 | D:2      | Noticed Robin
   210 | D:2      | Reached XP level 2. HP: 11/13 MP: 6/6
   215 | D:2      | Learned a level 2 spell: Repel Missiles
   218 | D:2      | Learned a level 2 spell: Swiftness
   548 | D:1      | Reached XP level 3. HP: 15/16 MP: 7/7
   673 | D:2      | Killed Sigmund
   673 | D:2      | Reached XP level 4. HP: 25/25 MP: 6/8
   673 | D:2      | Reached XP level 5. HP: 29/29 MP: 6/9
   711 | D:2      | Killed Robin
   906 | D:4      | Gained mutation: You heal very quickly. [Vine Stalker growth]
   906 | D:4      | Reached XP level 6. HP: 29/34 MP: 8/10
   943 | D:4      | Found a staircase to the Ecumenical Temple.
   952 | D:5      | Entered Level 5 of the Dungeon
   961 | D:4      | Found a radiant altar of Vehumet.
  1050 | D:4      | Reached skill level 5 in Fighting
  1218 | D:5      | Reached XP level 7. HP: 33/39 MP: 8/11
  1315 | D:5      | Found Diegu's Antique Armour Shoppe.
  1321 | D:5      | Bought a pair of runed gloves for 99 gold pieces
  1381 | D:5      | Noticed Edmund
  1391 | D:5      | Killed Edmund
  1456 | D:5      | Gained mutation: You take slightly more damage. (AC -3) [Ru sacrifice]
  1456 | D:5      | Reached ** piety under Ru
  1623 | D:5      | Noticed Eustachio
  1635 | D:5      | Killed Eustachio
  1635 | D:5      | Gained mutation: You have razor-sharp teeth. [Vine Stalker growth]
  1635 | D:5      | Reached XP level 8. HP: 46/47 MP: 12/12
  1675 | D:5      | Found a snail-covered altar of Cheibriados.
  1908 | D:6      | Reached skill level 10 in Fighting
  1908 | D:6      | Reached XP level 9. HP: 45/54 MP: 11/13
  1946 | D:5      | Bought a glowing chain mail for 99 gold pieces
  1978 | D:6      | Reached skill level 1 in Armour
  2008 | D:6      | Found a sparkling altar of Nemelex Xobeh.
  2031 | D:6      | Found a blossoming altar of Fedhas.
  2326 | D:6      | Noticed Blork the orc
  2334 | D:6      | Killed Blork the orc
  2465 | D:7      | jacquesderrida: deng
  2479 | D:7      | jacquesderrida: stalkir
  2479 | D:7      | 4thArraOfDagon: hiiiiii
  2515 | D:7      | jacquesderrida: hiiiiii
  2515 | D:7      | 4thArraOfDagon: who stalkin
  2569 | D:7      | jacquesderrida: Get out of here, stalkir!
  2579 | D:7      | 4thArraOfDagon: ANON
  2586 | D:7      | jacquesderrida: VIDER-ANON
  2632 | D:8      | Found a staircase to the Lair.
  2712 | D:8      | Found a sacrificial altar of Ru.
  2795 | D:8      | Noticed a two-headed ogre
  2799 | D:8      | Killed a two-headed ogre
  2808 | D:8      | Gained mutation: You cannot study or cast Poison magic. [Ru sacrifice]
  2808 | D:8      | Gained mutation: You cannot study or cast Hexes magic. [Ru sacrifice]
  2808 | D:8      | Gained mutation: You cannot study or cast Summoning magic. [Ru sacrifice]
  2808 | D:8      | Reached *** piety under Ru
  2885 | D:9      | Found a staircase to the Orcish Mines.
  2945 | D:9      | Noticed a two-headed ogre
  2950 | D:9      | Killed a two-headed ogre
  3013 | D:9      | Reached XP level 10. HP: 59/59 MP: 12/14
  3038 | D:10     | Entered Level 10 of the Dungeon
  3061 | D:10     | Reached skill level 5 in Dodging
  3073 | D:10     | jacquesderrida: grate sord
  3075 | D:10     | 4thArraOfDagon: you are rite
  3075 | D:10     | 4thArraOfDagon: that will be gut
  3075 | D:10     | 4thArraOfDagon: wepn
  3104 | D:10     | Reached skill level 1 in Long Blades
  3210 | D:10     | Reached skill level 2 in Long Blades
  3248 | D:10     | Noticed a red ugly thing
  3285 | D:10     | Noticed a hill giant
  3368 | D:10     | chelbik: hi
  3391 | D:10     | Reached skill level 5 in Armour
  3467 | D:10     | Reached skill level 3 in Long Blades
  3508 | D:10     | Killed a red ugly thing
  3529 | D:10     | Reached skill level 4 in Long Blades
  3535 | D:10     | Gained mutation: You are frail (-10% HP). [mutagenic meat]
  3536 | D:10     | Gained mutation: You are partially covered in thin metallic scales (AC +2). [mutagenic meat]
  3575 | D:10     | Noticed a hill giant
  3588 | D:10     | Noticed a hill giant
  3588 | D:10     | Killed a hill giant
  3601 | D:10     | Gained mutation: Scrolls take you a little longer to read. [potion of mutation]
  3601 | D:10     | Gained mutation: Scrolls take you longer to read. [potion of mutation]
  3601 | D:10     | Gained mutation: You are very frail (-20% HP). [potion of mutation]
  3687 | D:10     | Gained mutation: You evolve. [potion of mutation]
  3687 | D:10     | Gained mutation: You have a pair of small horns on your head. [potion of mutation]
  3704 | D:10     | Killed a hill giant
  3704 | D:10     | Reached skill level 5 in Long Blades
  3812 | D:10     | Got a scorched leather armour
  3813 | D:10     | Gained mutation: You are weak. (Str -2) [potion of mutation]
  3813 | D:10     | Gained mutation: You are partially covered in rugged brown scales (AC +1, +3% HP). [potion of mutation]
  3887 | D:10     | Reached XP level 11. HP: 52/52 MP: 15/15
  3933 | D:10     | Found Nisut's Weapon Shoppe.
  3999 | D:11     | 4thArraOfDagon: hi
  4088 | D:12     | Noticed George's ghost (journeyman MiFi)
  4119 | D:12     | Killed George's ghost
  4119 | D:12     | Reached skill level 6 in Long Blades
  4148 | D:12     | Noticed an eight-headed hydra
  4204 | D:11     | Gained mutation: You cannot read scrolls while threatened. [Ru sacrifice]
  4204 | D:11     | Reached **** piety under Ru
  4565 | D:12     | jacquesderrida: hi
  4579 | D:12     | jacquesderrida: who it are
  4598 | D:12     | jacquesderrida: it are cheblerk
  4654 | D:12     | Noticed a seven-headed hydra
  4656 | D:12     | Lost mutation: You are very frail (-20% HP). [evolution]
  4665 | D:12     | jacquesderrida: skorcher
  4741 | D:14     | Noticed a deep elf mage
  4741 | D:14     | Noticed a catoblepas
  4741 | D:14     | Noticed a deep elf mage
  4744 | D:14     | Noticed a centaur warrior
  4753 | D:13     | Killed a deep elf mage
  4800 | D:13     | Reached skill level 7 in Long Blades
  4806 | D:13     | Found a blossoming altar of Fedhas.
  4813 | D:13     | Noticed a griffon
  4821 | D:13     | Killed a griffon
  4890 | D:15     | Entered Level 15 of the Dungeon
  4890 | D:15     | Noticed a skeletal warrior
  4890 | D:15     | Noticed a necromancer
  4890 | D:15     | Noticed a manticore
  4928 | D:14     | Noticed a cyclops
  4946 | D:14     | Killed a cyclops
  5005 | D:14     | Killed a deep elf mage
  5029 | D:14     | Killed a catoblepas
  5048 | D:14     | Found a gate to the Vaults.
  5048 | D:14     | Noticed a vault guard
  5048 | D:14     | Noticed a vault guard
  5048 | D:14     | Noticed a vault guard
  5049 | D:14     | Noticed a vault guard
  5065 | D:14     | Voda: hey, haven't played in a month or so, what's new in trunk?
  5083 | D:14     | Killed a vault guard
  5083 | D:14     | Reached skill level 8 in Long Blades
  5091 | D:14     | Killed a vault guard
  5099 | D:14     | Killed a vault guard
  5099 | D:14     | Gained mutation: You regenerate. [Vine Stalker growth]
  5099 | D:14     | Reached XP level 12. HP: 45/62 MP: 6/16
  5105 | D:14     | jacquesderrida: A dead body
  5117 | D:14     | Noticed a vault guard
  5124 | D:14     | Voda: :D
  5144 | D:14     | Killed a vault guard
  5156 | D:14     | Noticed a vault guard
  5159 | D:14     | Noticed a vault guard
  5184 | D:14     | Killed a vault guard
  5184 | D:14     | Reached skill level 9 in Long Blades
  5188 | D:14     | jacquesderrida: Tony Umberti is soon to sleep with the fishes
  5227 | D:14     | Killed a vault guard
  5302 | D:14     | Killed a vault guard
  5312 | D:14     | Noticed a vault guard
  5331 | D:14     | Killed a vault guard
  5367 | D:14     | Got a transparent amber ring
  5368 | D:14     | Identified the ring of Veus {Fire *Corrode rPois MR+++ Str-4} (You found it on level 14 of the Dungeon)
  5397 | D:14     | jacquesderrida: deeeeng
  5449 | D:14     | Killed a centaur warrior
  5472 | D:14     | Noticed a tengu warrior
  5492 | D:14     | Killed a tengu warrior
  5492 | D:14     | Reached skill level 10 in Long Blades
  5569 | D:14     | Noticed a centaur warrior
  5575 | D:14     | Killed a centaur warrior
  5672 | D:14     | Reached XP level 13. HP: 47/66 MP: 17/17
  5708 | D:14     | Reached skill level 11 in Long Blades
  5722 | D:14     | Gained mutation: You are clumsy. (Dex -2) [Ru sacrifice]
  5722 | D:14     | Reached ***** piety under Ru
  5942 | D:15     | Identified the cursed +0 leather armour "Bius" {Int+3 Stlth+} (You took it off an orc on level 10 of the Dungeon)
  6604 | Orc:1    | Entered Level 1 of the Orcish Mines
  6823 | Orc:2    | Entered Level 2 of the Orcish Mines
  6840 | Orc:2    | Found a bloodstained altar of Trog.
  6850 | Orc:2    | Found a dark tunnel.
  6859 | Volcano  | Entered a volcano
  6890 | Volcano  | jacquesderrida: meme golem
  6966 | Orc:1    | Reached skill level 12 in Long Blades
  7196 | Orc:2    | Noticed Saint Roka
  7261 | Orc:2    | Gained mutation: You are partially covered in iridescent scales (AC +4). [evolution]
  7301 | Orc:2    | Found a staircase to the Elven Halls.
  7624 | Orc:2    | Found Loanun's Food Shoppe.
  7688 | Orc:2    | Found Nuorown's Magic Scroll Emporium.
  7758 | Orc:2    | Bought a scroll of identify for 34 gold pieces
  7758 | Orc:2    | Bought a scroll of teleportation for 51 gold pieces
  7808 | Orc:2    | Reached XP level 14. HP: 60/71 MP: 13/18
  8027 | Orc:2    | Reached skill level 10 in Dodging
  8042 | Orc:2    | Reached skill level 13 in Long Blades
  8163 | Orc:2    | :O
  8330 | Orc:2    | jacquesderrida: what the hell is this meme
  8342 | Orc:2    | Found Jausmomu's Gadget Boutique.
  8342 | Orc:2    | Found a one-way gate leading to the halls of Pandemonium.
  8342 | Orc:2    | Found Jurimp's Antique Weapon Shop.
  8561 | D:9      | Reached skill level 10 in Armour
  8603 | D:9      | Found a burning altar of Makhleb.
  8743 | Lair:1   | Entered Level 1 of the Lair of Beasts
  9059 | Lair:1   | Learned a level 1 spell: Apportation
  9077 | Lair:1   | Got a spiked cloak
  9088 | Lair:1   | Identified the +2 cloak of the Manifold Tales {rC+ rCorr} (You found it on level 1 of the Lair of Beasts)
  9174 | Lair:2   | Identified 3 scrolls of acquirement
  9174 | Lair:2   | Got a faintly glowing crystal plate armour
  9185 | Lair:2   | Identified the +0 crystal plate armour "Waorosoe" {Str+3} (You acquired it on level 2 of the Lair of Beasts)
  9185 | Lair:2   | :(
  9198 | Lair:2   | jacquesderrida: now you can wear taht meme-themed ring...
  9198 | Lair:2   | Got a smoking hat
  9204 | Lair:2   | Identified the +0 hat "Bedefot" {Regen+ Int+4} (You acquired it on level 2 of the Lair of Beasts)
  9204 | Lair:2   | jacquesderrida: DANG
  9231 | Lair:2   | Found a burning altar of Makhleb.
  9242 | Lair:2   | jacquesderrida: RIGEN
  9312 | Lair:2   | jacquesderrida: where were the skralls from
  9429 | Lair:2   | Found a labyrinth entrance.
  9447 | Lab      | Entered a labyrinth
  9489 | Lab      | Reached skill level 1 in Evocations
  9654 | Lab      | Gained mutation: You are dopey. (Int -2) [Ru sacrifice]
  9839 | Lab      | Got a slimy jade ring
  9847 | Lab      | Identified the ring of Weirinn {Fragile rF+ MR+ Int+7} (You found it in a labyrinth)
  9848 | Lab      | jacquesderrida: memed
  9849 | Lab      | Identified the Volume of the Rocks (You found it in a labyrinth)
  9862 | Lab      | Identified the Tome of Glamour (You found it in a labyrinth)
 10198 | Lair:4   | Noticed Maud
 10216 | Lair:4   | Killed Maud
 10276 | Lair:4   | 4thArraOfDagon: lemme eat
 10276 | Lair:4   | jacquesderrida: Please have a morsel with a touch of meme
 10356 | Lair:4   | Reached XP level 15. HP: 74/74 MP: 19/19
 10374 | Lair:4   | Reached skill level 14 in Long Blades
 10511 | Lair:3   | Got a transparent triple sword
 10512 | Lair:3   | Identified the +1 triple sword of Fortitude {slice, Fragile +Fly MR+++ Str+3} (You acquired it on level 3 of the Lair of Beasts)
 10563 | Lair:3   | jacquesderrida: lol
 10566 | Lair:3   | jacquesderrida: Of fortitude
 10566 | Lair:3   | jacquesderrida: FRAGILE
 10816 | Lair:5   | Gained mutation: Your spells are a little harder to cast, but a little more powerful. [evolution]
 10825 | Lair:5   | Found a hole to the Spider Nest.
 10988 | Lair:6   | Found a staircase to the Shoals.
 11666 | Lair:8   | Entered Level 8 of the Lair of Beasts
 11867 | Lair:8   | Found a viscous altar of Jiyva.
 11868 | Lair:8   | Found a staircase to the Slime Pits.
 11917 | Lair:8   | Reached skill level 15 in Long Blades
 12777 | Lair:5   | Noticed Kirke
 12795 | Lair:5   | Killed Kirke
 13145 | D:5      | Bought an agate-studded shadow dragon armour for 1870 gold pieces
 13155 | D:5      | Identified the +15 shadow dragon armour of Uhugeq {+Blink rN+ MP+9 Dex+4 Stlth++++} (You bought it in a shop on level 5 of the Dungeon)
 13155 | D:5      | O
 13273 | Elf:1    | Entered Level 1 of the Elven Halls
 13332 | Orc:2    | Reached XP level 16. HP: 71/79 MP: 20/20
 13350 | Elf:1    | Reached skill level 16 in Long Blades
 13370 | Elf:1    | timbw: fragile
 13370 | Elf:1    | timbw: whats this
 13370 | Elf:1    | timbw: that does not sound a like a good thing
 13370 | Elf:1    | jacquesderrida: It's a meme
 13370 | Elf:1    | Vidiiot: it breaks if you take it off :p
 13370 | Elf:1    | timbw: lol
 13370 | Elf:1    | Vidiiot: It's a trunk thing.
 13371 | Elf:1    | jacquesderrida: It breaks you
 13388 | Elf:1    | jacquesderrida: It must break you
 13392 | Elf:1    | Got a crude triple sword
 13393 | Elf:1    | timbw: 79 hp 41 ac triple sword
 13396 | Elf:1    | jacquesderrida: FIFTH
 13398 | Elf:1    | timbw: are you sure this is not a sprint
 13398 | Elf:1    | jacquesderrida: SKRALL
 13398 | Elf:1    | jacquesderrida: OF ITEN
 13398 | Elf:1    | Identified the +6 triple sword of Disembowelment {antimagic, +Rage rPois rF+++ Dex+4} (You acquired it on level 1 of the Elven Halls)
 13399 | Elf:1    | jacquesderrida: DAYNE MAYNE
 13399 | Elf:1    | jacquesderrida: it bed tho!!!!!!!
 13409 | Elf:1    | jacquesderrida: Disembowelment...
 13423 | Elf:1    | jacquesderrida: daaaaaaayne
 13507 | Elf:1    | jacquesderrida: It's time to wake up from this sprint, timothy
 13563 | Elf:1    | Found Amyomu's Magic Scroll Boutique.
 13572 | Elf:1    | Bought a scroll of identify for 32 gold pieces
 13572 | Elf:1    | Bought a scroll of identify for 32 gold pieces
 13605 | Elf:1    | jacquesderrida: 8 mites
 13734 | Elf:2    | Found a frozen archway.
 13792 | Elf:2    | Found Siotzion's General Store.
 13798 | IceCv    | Entered an ice cave
 13798 | IceCv    | Noticed Ijustatesigmund's ghost (journeyman KoAs)
 13817 | IceCv    | jacquesderrida: deng
 13832 | IceCv    | jacquesderrida: stronk
 13838 | IceCv    | Killed Ijustatesigmund's ghost
 13854 | IceCv    | jacquesderrida: ayyyyyyyyyyyyyyyyyyyyyyyyyy
 13854 | IceCv    | 4thArraOfDagon: strink armur
 13854 | IceCv    | jacquesderrida: HOW
 13855 | IceCv    | jacquesderrida: Is this meme or real werld
 13910 | IceCv    | jacquesderrida: rF+++++++++++
 13957 | IceCv    | jacquesderrida: ITENS
 13994 | IceCv    | jacquesderrida: You can regen with that ax
 14007 | IceCv    | jacquesderrida: 2.2 auts.............
 14034 | IceCv    | Noticed an Ice Fiend
 14034 | IceCv    | jacquesderrida: turns
 14039 | IceCv    | Killed an Ice Fiend
 14191 | Elf:2    | Found a huge runed gate.
 14191 | Elf:2    | Found a huge runed gate.
 14191 | Elf:2    | Found a huge runed gate.
 14191 | Elf:2    | Found a huge runed gate.
 14191 | Elf:2    | Found a huge runed gate.
 14277 | Elf:2    | Found Ikyev's Armour Emporium.
 14282 | Elf:2    | jacquesderrida: dep efl
 14291 | Elf:2    | jacquesderrida: eped fel
 14305 | Elf:2    | Found Jiang's Book Emporium.
 14347 | Elf:2    | Found Zeqyud's Armour Emporium.
 14443 | Elf:2    | Reached skill level 5 in Stealth
 14623 | Elf:2    | Noticed Aizul
 14650 | Elf:2    | Killed Aizul
 14705 | Elf:2    | Found Gaumiamm's Distillery.
 14772 | Elf:3    | Entered Level 3 of the Elven Halls
 14930 | Elf:3    | Found Wefiete's Magic Scroll Emporium.
 14947 | Elf:3    | Bought a scroll of teleportation for 48 gold pieces
 14947 | Elf:3    | Bought a scroll of teleportation for 48 gold pieces
 14947 | Elf:3    | Bought a scroll of teleportation for 48 gold pieces
 14947 | Elf:3    | Bought a scroll of teleportation for 48 gold pieces
 15122 | Elf:3    | Noticed a deep elf master archer
 15137 | Elf:3    | Killed a deep elf master archer
 15153 | Elf:3    | Reached skill level 17 in Long Blades
 15201 | Elf:3    | Noticed a deep elf blademaster
 15256 | Elf:3    | Reached XP level 17. HP: 81/82 MP: 10/21
 15269 | Elf:3    | Killed a deep elf blademaster
 15325 | Elf:3    | Noticed a deep elf master archer
 15344 | Elf:3    | Noticed a Brimstone Fiend
 15388 | Elf:3    | Found a portal to a secret trove of treasure.
 15426 | Elf:3    | 4thArraOfDagon: how it will work
 15426 | Elf:3    | jacquesderrida: lal
 15426 | Elf:3    | jacquesderrida: lose piety
 15426 | Elf:3    | 4thArraOfDagon: rly
 15426 | Elf:3    | 4thArraOfDagon: :O
 15426 | Elf:3    | jacquesderrida: TIME TO LOSE
 15438 | Elf:3    | Vidiiot: -tips fedora-
 15438 | Elf:3    | Vidiiot: I think Ru is the worst for this Trove :p
 15438 | Elf:3    | jacquesderrida: GOZAGER IS WORSE!!!!
 15507 | Elf:3    | Reached skill level 10 in Stealth
 15509 | Elf:3    | Noticed a deep elf master archer
 15527 | Elf:3    | Killed a deep elf master archer
 15544 | Elf:3    | Noticed a deep elf master archer
 15549 | Elf:3    | Killed a deep elf master archer
 15686 | Elf:3    | Killed a deep elf master archer
 15726 | Elf:3    | Got a scintillating emerald amulet
 15733 | Elf:3    | jacquesderrida: You didn't get the rand, mayne
 15741 | Elf:3    | jacquesderrida: YOUR PAKK WAS FOOL
 15753 | Elf:3    | jacquesderrida: NO SPEIS
 15764 | Elf:3    | Identified the amulet "Goblualax" {Harm *Drain Dex+6} (You took it off a deep elf annihilator on level 3 of the Elven Halls)
 15765 | Elf:3    | jacquesderrida: rang****
 15766 | Elf:3    | Got a steaming bronze ring
 15767 | Elf:3    | jacquesderrida: NAIS
 15768 | Elf:3    | Identified the ring of Sunlight {Fire Str+3} (You took it off a deep elf elementalist on level 3 of the Elven Halls)
 15769 | Elf:3    | jacquesderrida: sanlite
 15769 | Elf:3    | jacquesderrida: FIRE
 15770 | Elf:3    | jacquesderrida: A P R O P O S
 15831 | Elf:2    | Got a crude rapier {pierce}
 15832 | Elf:2    | Identified the +5 rapier of the Median {pierce, rC++} (You found it on level 2 of the Elven Halls)
 15850 | Elf:3    | Noticed a deep elf blademaster
 15855 | Elf:3    | Killed a deep elf blademaster
 16018 | Elf:3    | jacquesderrida: ZOL
 16019 | Elf:3    | jacquesderrida: GUD
 16019 | Elf:3    | jacquesderrida: ROK
 16028 | Elf:3    | Learned a level 8 spell: Controlled Blink
 16030 | Elf:3    | Identified Cochyrem's Catalogue of Air and Bewitchment
 16042 | Elf:3    | jacquesderrida: DUM NITE
 16055 | Elf:3    | Identified the Disquisition on Unholy Air (You found it on level 3 of the Elven Halls)
 16098 | Elf:3    | Got a pair of dazzling boots
 16109 | Elf:3    | Identified the +2 pair of boots "Afeid" {Str+3} (You found it on level 3 of the Elven Halls)
 16122 | Elf:3    | Identified a +0 pair of boots of running (You found it on level 3 of the Elven Halls)
 16209 | Elf:3    | Bought a scroll of blinking for 120 gold pieces
 16209 | Elf:3    | Bought a scroll of blinking for 120 gold pieces
 16274 | Elf:1    | Bought a scroll of blinking for 120 gold pieces
 16274 | Elf:1    | Bought a scroll of enchant armour for 120 gold pieces
 16367 | Orc:2    | Killed Saint Roka
 16458 | Lair:3   | You fall through a shaft!
 16492 | Shoals:1 | Entered Level 1 of the Shoals
 16512 | Shoals:1 | Reached skill level 18 in Long Blades
 16512 | Shoals:1 | Reached XP level 18. HP: 75/86 MP: 10/22
 16518 | Shoals:1 | Found Winaj's Food Emporium.
 17041 | Shoals:3 | Noticed Louise
 17125 | Shoals:3 | Noticed Polyphemus
 17142 | Shoals:3 | Killed Louise
 17203 | Shoals:3 | Noticed Nikola
 17268 | Shoals:4 | Entered Level 4 of the Shoals
 17422 | Shoals:4 | Identified the Reference Book on the Blistering Escort (You found it on level 4 of the Shoals)
 17630 | Shoals:3 | Killed Polyphemus
 18119 | Shoals:4 | Got a barnacled rune of Zot
 18147 | Shoals:4 | Noticed Ilsuiw
 18363 | Spider:1 | Entered Level 1 of the Spider Nest
 18431 | Spider:1 | Learned a level 8 spell: Death's Door
 18437 | Spider:1 | Gained mutation: You are very dopey. (Int -4) [evolution]
 18739 | Spider:2 | Reached XP level 19. HP: 81/91 MP: 11/26
 18971 | Spider:3 | Reached skill level 5 in Spellcasting
 19211 | Spider:4 | Entered Level 4 of the Spider Nest
 19781 | Spider:4 | Reached skill level 19 in Long Blades
 19845 | Spider:4 | Noticed Mara
 19889 | Spider:4 | Killed Mara
 20050 | Spider:4 | Got a gossamer rune of Zot
 20169 | Spider:4 | Noticed Wiglaf
 20183 | Spider:4 | Killed Wiglaf
 20612 | Slime:1  | Entered Level 1 of the Pits of Slime
 20733 | Slime:1  | You fall through a shaft!
 20739 | Slime:2  | Reached XP level 20. HP: 88/94 MP: 12/31
 20766 | Slime:2  | Gained mutation: Scrolls take you much longer to read. [a shining eye]
 20785 | Slime:2  | jacquesderrida: WAWZA
 21024 | Slime:6  | Entered Level 6 of the Pits of Slime
 21116 | Slime:6  | Noticed the Royal Jelly
 21120 | Slime:6  | Found a viscous altar of Jiyva.
 21122 | Slime:6  | Killed the Royal Jelly
 21122 | Slime:6  | Reached skill level 15 in Armour
 21362 | Slime:6  | FAIl
 21391 | Slime:6  | Got a flickering bone ring
 21404 | Slime:6  | Identified the ring "Lenn" {+Fly rElec Dex-2 SInv} (You found it on level 6 of the Pits of Slime)
 21536 | Slime:6  | Reached skill level 20 in Long Blades
 21540 | Slime:6  | Got a slimy rune of Zot
 21558 | Slime:6  | Identified Sif Muna's Volume of the Harmful Rocks (You found it on level 6 of the Pits of Slime)
 21562 | Slime:6  | Identified a +2 rod of inaccuracy (9/9) (You found it on level 6 of the Pits of Slime)
 21854 | D:8      | 4thArraOfDagon: bbl
 22231 | D:15     | Found a staircase to the Depths.
 22259 | Depths:1 | Entered Level 1 of the Depths
 22274 | Depths:1 | Noticed Jorgrun
 22372 | D:15     | Killed Jorgrun
 22471 | Depths:1 | manon: Hi. A newbie question. Hill Orc (Shining one). Should I train a ranged weapon?
 22490 | Depths:1 | Reached XP level 21. HP: 98/99 MP: 14/35
 22514 | Depths:1 | 4thArraOfDagon: what is your aim
 22514 | Depths:1 | 4thArraOfDagon: just win the game?
 22514 | Depths:1 | 4thArraOfDagon: or speedrun?
 22514 | Depths:1 | manon: Have fun
 22514 | Depths:1 | manon: Win 15 runes
 22514 | Depths:1 | 4thArraOfDagon: you dont have to
 22514 | Depths:1 | 4thArraOfDagon: but i wouldn't train it as main skill
 22514 | Depths:1 | 4thArraOfDagon: first melee
 22514 | Depths:1 | 4thArraOfDagon: after maxing out melee, go ranged
 22618 | Depths:1 | manon: Thanks. Main focus is axe :-)
 22640 | Depths:1 | manon: Happy hunting
 22705 | Depths:1 | Noticed Norris
 22724 | Depths:1 | Killed Norris
 22748 | Depths:1 | Found Oxuxkiab's Antique Weapon Emporium.
 22782 | Depths:1 | Found a corrupted altar of Lugonu.
 23124 | Depths:3 | jacquesderrida: HI
 23255 | Depths:4 | Noticed Xtahua
 23266 | Depths:4 | Killed Xtahua
 23273 | Depths:4 | jacquesderrida: dannnnnnnnnnnnnnnnnnnnnnnnnnn
 23290 | Depths:4 | 4thArraOfDagon: :)
 23342 | Depths:4 | Got a pair of ichor-stained gloves
 23350 | Depths:4 | Identified the +0 pair of gloves "Seips" {*Confuse Dex+6 SInv} (You found it on level 4 of the Depths)
 23358 | Depths:4 | Found a blossoming altar of Fedhas.
 23412 | Depths:4 | Noticed the Enchantress
 23414 | Depths:4 | Reached skill level 10 in Spellcasting
 23421 | Depths:4 | Killed the Enchantress
 23427 | Depths:4 | Noticed a golden dragon
 23437 | Depths:4 | Found an ancient bone altar of Kikubaaqudgha.
 23437 | Depths:4 | Found a gateway to a ziggurat.
 23446 | Zig:1    | Entered Level 1 of a ziggurat
 23513 | Zig:2    | Entered Level 2 of a ziggurat
 23582 | Zig:3    | Entered Level 3 of a ziggurat
 23636 | Zig:4    | Entered Level 4 of a ziggurat
 23719 | Zig:5    | Entered Level 5 of a ziggurat
 23734 | Zig:5    | Reached skill level 1 in Charms
 23734 | Zig:5    | Reached skill level 1 in Translocations
 23789 | Zig:6    | Entered Level 6 of a ziggurat
 23837 | Zig:6    | Got a bound brass ring
 23845 | Zig:6    | Identified the ring "Soecaewn" {rF+ rN+ Dex+4 Stlth+} (You found it on level 6 of a ziggurat)
 23853 | Zig:7    | Entered Level 7 of a ziggurat
 23859 | Zig:7    | Noticed a shard shrike
 23906 | Zig:7    | Killed a shard shrike
 23917 | Zig:7    | Reached skill level 21 in Long Blades
 23965 | Zig:8    | Entered Level 8 of a ziggurat
 23994 | Zig:8    | Reached XP level 22. HP: 65/104 MP: 11/37
 23998 | Zig:8    | Killed by mirror damage

Vault maps used:
D:1:      ldierk_walled_garden_2, minmay_misc_feat_square, st_stairs_14,
          minmay_rat_gold_closets
D:2:      lemuel_doored_altar, ecumenical_altar_2, uniq_robin, uniq_sigmund
D:3:      elyvilon_altar_1
D:4:      tso_oasis_becter, vehumet_crystals, minmay_temple_entry_from_below_b,
          first_bread
D:5:      old_standard_altar, serial_shops, shop, uniq_eustachio, uniq_edmund
D:6:      kennysheep_little_box, nemelex_deck, minmay_ruffians,
          uniq_blork_the_orc
D:7:      led_sif_book
D:8:      marbit_many_paths, david_lair_shrubbed,
          nicolae_ru_sacrificial_ziggurat
D:9:      kennysheep_mini_moat, overflow_temple_1_default,
          overflow_temple_1_default, orc_0_dummy
D:10:     minmay_opposing_rooms, serial_shops, shop, the_bakery,
          grunt_ministairs_14
D:13:     basic_altar, okawaru_ov_weapons_minmay, uniq_azrael
D:14:     minmay_big_diamond_grid, erik_vaults_2
D:15:     gammafunk_depths_entry_grave
Lair:1:   beast_lair_carwin_2
Lair:2:   basic_altar, lab_entry_generic, grunt_megastairs_5, lemuel_fruit_tree
Lair:4:   uniq_maud
Lair:5:   beast_lair_carwin_large_3, nicolae_spider_entry_non_spiders,
          hangedman_lair_generics_rect, uniq_kirke
Lair:6:   shoals_dummy_entry
Lair:7:   grunt_megastairs_1, lemuel_fruit_fields
Lair:8:   minmay_lair_end_frog_pond, slime_altar_1, guppyfry_lair_drakes
Shoals:1: nicolae_shoals_island_circles, serial_shops, shop,
          dpeg_stationary_puzzle
Shoals:2: nicolae_shoals_hunting_party
Shoals:3: uniq_nikola, uniq_polyphemus, uniq_louise
Shoals:4: shoals_end_grunt_ice, shoal_ilsuiw, yaktaur_hedge
Spider:3: minmay_another_anthill
Spider:4: guppyfry_spider_rune, uniq_mara, uniq_wiglaf
Slime:1:  cheibrodos_slime_lost_civilization_3
Orc:2:    pf_orc_diabolical, nicolae_volcano_entry_hallway, basic_altar,
          uniq_saint_roka
Elf:1:    minmay_elf_arrival_circle, serial_shops, nicolae_shop_crystal,
          hangedman_elf_disciples
Elf:2:    portal_ice_cave_entry_ugly_swarm, serial_shops, shop,
          nicolae_shop_stone, nicolae_shop_behind_doors, shop, shop_statue,
          uniq_aizul
Elf:3:    minmay_elf_hall_quartered_circle, serial_shops, shop_fountains,
          nicolae_trove_entry_free_sample
Depths:1: serial_shops, shop, grunt_mini_vestibule, kennysheep_big_empty_room,
          tgw_lugonu_bribe, infiniplex_staircase_pool_lava,
          serial_bayou_shore_b, serial_bayou_shore_b, uniq_jorgrun, uniq_norris
Depths:2: minmay_tri_box, grunt_decor_cap, hell_entry, abyss_entry
Depths:3: nooodl_glass_maze, pf_coc_iceberg, pan_entry, basic_stair_grate_trap
Depths:4: grunt_profane_halls, hell_entry, abyss_entry, uniq_xtahua,
          uniq_frederick, uniq_enchantress
Zig:5:    ziggurat_loot_2
Lab:      nicolae_lab_dead_adventurers, nicolae_lab_flowing_pool,
          nicolae_lab_starburst, labyrinth_skeletal_remains, nicolae_lab_lava
IceCv:    ice_cave_small_demon
Volcano:  volcano_caves

Skill      XL: |  1  2  3  4  5  6  7  8  9 10 11 12 13 14 15 16 17 18 19 20 21 22 |
---------------+-------------------------------------------------------------------+-----
Conjurations   | 2 |  2.1
Fighting       | 3 4 5 7 10 | 10.2
Armour         | 4 5 7 8 9 10 11 12 13 14 15 16 | 16.4
Dodging        | 4 6 7 8 9 10 11 12 | 12.2
Long Blades    | 5 8 10 12 13 15 17 18 19 20 21 | 21.0
Evocations     | 2 3 |  3.1
Stealth        | 8 12 13 | 13.2
Spellcasting   | 4 7 9 10 | 10.1
Charms         | 2 3 |  3.2
Translocations | 2 3 |  3.0
Air Magic      | |  3.5

Action                   |  1- 3 |  4- 6 |  7- 9 | 10-12 | 13-15 | 16-18 | 19-21 | 22-24 || total
-------------------------+-------+-------+-------+-------+-------+-------+-------+-------++-------
Melee: Unarmed           |    16 |       |       |       |       |       |       |       ||    16
       Dagger            |    48 |    84 |   250 |   359 |       |       |       |       ||   741
       Short sword       |       |       |   104 |       |       |       |       |       ||   104
       Great sword       |       |       |       |   219 |  1015 |       |       |       ||  1234
       Scimitar          |       |       |       |       |    20 |       |       |       ||    20
       Triple sword      |       |       |       |       |   644 |  1257 |  1416 |     2 ||  3319
       Rapier            |       |       |       |       |       |       |    22 |       ||    22
 Fire: Blowgun           |       |       |       |    10 |       |       |       |       ||    10
Throw: Tomahawk          |       |       |       |     1 |       |       |       |       ||     1
 Cast: Shock             |     3 |       |       |       |       |       |       |       ||     3
       Repel Missiles    |     1 |       |     3 |     4 |     3 |       |       |       ||    11
Invok: Sacrifice Essence |     1 |       |       |       |       |       |       |       ||     1
       Sacrifice Health  |       |       |     1 |       |       |       |       |       ||     1
       Sacrifice Arcana  |       |       |     1 |       |       |       |       |       ||     1
       Draw Out Power    |       |       |       |     4 |     4 |     4 |     3 |       ||    15
       Sacrifice Words   |       |       |       |     1 |       |       |       |       ||     1
       Sacrifice Purity  |       |       |       |       |     2 |       |       |       ||     2
       Reject Sacrifices |       |       |       |       |     3 |     1 |     1 |       ||     5
       Apocalypse        |       |       |       |       |     5 |     3 |     6 |     1 ||    15
       Power Leap        |       |       |       |       |       |     2 |     2 |       ||     4
 Abil: Evoke Berserk Rag |       |       |       |       |       |     1 |       |       ||     1
       Evoke Blink       |       |       |       |       |       |       |     3 |       ||     3
Evoke: Deck              |       |       |       |     1 |     3 |       |       |       ||     4
       Wand              |       |       |       |       |     8 |    16 |    13 |       ||    37
       Box of beasts     |       |       |       |       |       |     1 |       |       ||     1
       Fan of gales      |       |       |       |       |       |       |     1 |       ||     1
  Use: Scroll            |     4 |       |     3 |     7 |    18 |    13 |    12 |       ||    57
       Potion            |     1 |       |     1 |     7 |     1 |     8 |    11 |       ||    29
 Stab: Sleeping          |     6 |     2 |     1 |       |     2 |    16 |    21 |       ||    48
       Distracted        |       |     1 |       |     6 |    12 |    15 |    22 |       ||    56
       Invisible         |       |       |       |     3 |    12 |    27 |    22 |       ||    64
       Paralysed         |       |       |       |       |     8 |     5 |     8 |       ||    21
  Eat: Chunk             |       |     1 |     8 |    14 |    12 |     3 |     6 |       ||    44
       Royal jelly       |       |       |       |       |     1 |       |     1 |       ||     2
       Pizza             |       |       |       |       |     3 |       |     1 |       ||     4
       Fruit             |       |       |       |       |     9 |     4 |     3 |       ||    16
       Beef jerky        |       |       |       |       |     2 |     9 |     3 |       ||    14
       Meat ration       |       |       |       |       |       |       |     1 |       ||     1
